 Dungeon Crawl Stone Soup version 0.25.1-2-g60ff931df9 (webtiles) character file.

Game seed: 7253770800412158710

2181 hawla the Cleaver (level 9, -1/79 HPs)
             Began as a Minotaur Berserker on Oct 7, 2020.
             Was a Priest of Trog.
             Slain by a hippogriff (4 damage)
             ... on level 7 of the Dungeon.
             The game lasted 00:14:16 (7272 turns).

hawla the Cleaver (Minotaur Berserker)              Turns: 7272, Time: 00:14:16

Health: -1/79      AC:  6    Str: 25    XL:     9   Next: 11%
Magic:  8/8        EV: 14    Int:  4    God:    Trog [***...]
Gold:   312        SH:  0    Dex: 10    Spells: 8/8 levels left

rFire    . . .     SeeInvis .   q - +2 mace (protect)
rCold    . . .     Gourm    .   (no shield)
rNeg     . . .     Faith    +   n - +1 ring mail
rPois    .         Spirit   .   (helmet restricted)
rElec    .         Reflect  .   (no cloak)
rCorr    .         Harm     .   (no gloves)
MR       .....                  (no boots)
Stlth    ..........             u - amulet of faith
HPRegen  0.23/turn              (no ring)
MPRegen  0.11/turn              (no ring)

@: about to teleport
A: retaliatory headbutt, horns 2
a: Berserk, Trog's Hand, Renounce Religion


You were on level 7 of the Dungeon.
You worshipped Trog.
Trog was most pleased with you.
You were not hungry.

You visited 1 branch of the dungeon, and saw 7 of its levels.

You collected 312 gold pieces.

Inventory:

Hand Weapons
 k - a +0 quarterstaff
 o - a +1 war axe
 q - a +2 mace of protection (weapon)
Missiles
 h - 9 poisoned darts (quivered)
 i - 4 javelins
 r - 8 silver javelins
Armour
 b - the +8 chain mail "Viatyfro" {Str+6 Dex-2, unknown}
   (You found it on level 5 of the Dungeon)

   It affects your strength (+6).
   It affects your dexterity (-2).
 n - a +1 ring mail (worn)
 v - a +0 chain mail
Jewellery
 l - an uncursed ring of ice
 u - an amulet of faith (around neck)
Wands
 s - a wand of random effects (15)
Scrolls
 e - a scroll of teleportation
 j - 2 scrolls of magic mapping
 m - a scroll of fear
 p - 3 scrolls of identify
Potions
 d - a potion of curing
 f - a potion of lignification
 g - a potion of mutation {unknown}
 t - a potion of cancellation {unknown}
Comestibles
 c - 13 rations


   Skills:
 + Level 7.1 Fighting
 + Level 9.0(9.4) Axes
 + Level 4.4(7.3) Maces & Flails
 + Level 1.0(2.9) Staves
 + Level 2.4 Throwing
 + Level 4.3 Armour
 * Level 7.2 Dodging


You had 8 spell levels left.
You didn't know any spells.
Your spell library was empty.

Dungeon Overview and Level Annotations

Branches:
Dungeon (7/15)             Temple (0/1) D:7

Altars:
Fedhas


Innate Abilities, Weirdness & Mutations

You reflexively headbutt those who attack you in melee.
You have a pair of horns on your head.


Message History

The hippogriff bites you. The hippogriff pecks you. The hippogriff claws you.
* * * LOW HITPOINT WARNING * * *
You hit the hippogriff.
The hippogriff is moderately wounded.
The hippogriff bites you.
* * * LOW HITPOINT WARNING * * *
The hippogriff misses you.
The hippogriff claws you but does no damage.
A scorpion comes into view.
Your +2 mace of protection hums with potential!
q - a +2 mace of protection (weapon)
The hippogriff barely misses you. You furiously retaliate!
You headbutt the hippogriff! The hippogriff pecks you!
* * * LOW HITPOINT WARNING * * *
The hippogriff misses you.
As you read the scroll of teleportation, it crumbles to dust.
You feel strangely unstable. The hippogriff bites you.
* * * LOW HITPOINT WARNING * * *
The hippogriff barely misses you. The hippogriff claws you.
You die...

#..###..?.......
.......#........
..#.....#......$#
..#.....#.......#
................#
#...............
.##.#...............
....s.....†.........
#........†@†........
..........H#........
P..........####.....
>P...........#......
.P.............>....
..........#.##......
.......#...## ##..#
.......##.<.#
......# ##..#


You could see a hippogriff and a scorpion.

Vanquished Creatures
  Prince Ribbit (D:5)
  Grinder (D:3)
  4 sky beasts
  An ice beast (D:7)
  A phantom (D:3)
  A centaur (D:5)
  A bullfrog (D:6)
  2 scorpions
  4 howler monkeys (D:7)
  4 crimson imps
  2 centaur zombies
  A jelly (D:6)
  5 hounds
  An orc priest (D:5)
  Terence (D:3)
  2 bullfrog skeletons
  An iguana (D:5)
  2 orc wizards
  2 worker ants
  2 hound zombies (D:7)
  A hound skeleton (D:4)
  A worker ant zombie (D:6)
  6 adders
  A white imp (D:4)
  2 adder skeletons (D:4)
  A worm (D:2)
  4 dart slugs
  5 leopard geckos
  9 orcs
  6 bats
  3 giant cockroaches
  6 goblins
  9 hobgoblins
  6 jackals
  4 quokkas
  2 frilled lizards
  A jackal skeleton (D:5)
  3 kobolds (D:2)
  2 leopard gecko skeletons
  A quokka skeleton (D:6)
  7 rats
  2 bushes (D:2)
  2 plants (D:2)
123 creatures vanquished.

Vanquished Creatures (others)
  A bush (D:5)
1 creature vanquished.

Grand Total: 124 creatures vanquished

Notes
Turn   | Place    | Note
-------+----------+-------------------------------------------
     0 | D:1      | hawla the Minotaur Berserker began the quest for the Orb.
     0 | D:1      | Reached XP level 1. HP: 19/19 MP: 0/0
   196 | D:1      | Reached skill level 4 in Axes
   196 | D:1      | Reached XP level 2. HP: 27/27 MP: 1/1
   776 | D:2      | Reached XP level 3. HP: 19/34 MP: 2/2
  1365 | D:2      | Reached XP level 4. HP: 38/41 MP: 3/3
  1420 | D:2      | Found a faded altar of an unknown god.
  1523 | D:2      | Reached ** piety under Trog
  2267 | D:3      | Noticed Grinder
  2294 | D:3      | Killed Grinder
  2294 | D:3      | Reached skill level 5 in Fighting
  2294 | D:3      | Reached skill level 5 in Axes
  2294 | D:3      | Reached XP level 5. HP: 18/48 MP: 4/4
  2294 | D:3      | Reached XP level 6. HP: 21/56 MP: 5/5
  2516 | D:3      | Noticed Terence
  2527 | D:3      | Killed Terence
  2959 | D:3      | Reached skill level 6 in Axes
  3626 | D:4      | Reached skill level 5 in Dodging
  3635 | D:4      | Reached XP level 7. HP: 45/61 MP: 6/6
  3756 | D:4      | Reached skill level 1 in Throwing
  4304 | D:4      | Reached skill level 7 in Axes
  4703 | D:5      | Entered Level 5 of the Dungeon
  4749 | D:5      | Got a brightly glowing chain mail
  4813 | D:5      | Noticed Prince Ribbit
  4823 | D:5      | HP: 4/93 [Prince Ribbit (7)]
  5196 | D:5      | Reached skill level 1 in Maces & Flails
  5292 | D:5      | Reached *** piety under Trog
  5426 | D:5      | Reached XP level 8. HP: 50/70 MP: 7/7
  5619 | D:5      | Killed Prince Ribbit
  5891 | D:5      | Found a blossoming altar of Fedhas.
  7009 | D:6      | Reached skill level 8 in Axes
  7229 | D:7      | Found a staircase to the Ecumenical Temple.
  7250 | D:7      | Reached XP level 9. HP: 52/78 MP: 8/8
  7252 | D:7      | Reached skill level 1 in Staves
  7256 | D:7      | Reached skill level 9 in Axes
  7272 | D:7      | HP: 3/79 [hippogriff (6)]
  7272 | D:7      | Slain by a hippogriff

Illustrated notes

Levels and vault maps discovered:
D:1:      dpeg_arrival_leaves_temple_mockup, layout_basic, serial_bayou_lagoon_a
D:2:      layout_basic, chequers_ecumenical_altar_simple_redux, serial_forest,
          infiniplex_forest_clump_medium, infiniplex_forest_end_3,
          infiniplex_forest_lined_2, infiniplex_forest_lined_3,
          infiniplex_forest_end_3, infiniplex_forest_clump_cross,
          infiniplex_forest_clump_tiny, infiniplex_forest_straight_2,
          infiniplex_forest_end_3, infiniplex_forest_end_1
D:3:      layout_basic, uniq_terence, uniq_grinder
D:4:      layout_loops_ring, minmay_statues_item, minmay_fire_ice_demons
D:5:      layout_loops_corners, first_ration, fedhas_bush_and_centaur_altar,
          uniq_prince_ribbit1
D:6:      layout_rooms
D:7:      layout_cave_pools, minmay_temple_entry_overgrown

Skill      XL: |  1  2  3  4  5  6  7  8  9 |
---------------+----------------------------+-----
Axes           | 4 5 6 7 8 9 |  9.0
Fighting       | 4 5 6 7 |  7.1
Dodging        | 4 5 6 7 |  7.2
Throwing       | 1 2 |  2.4
Maces & Flails | 2 4 |  4.4
Armour         | 3 4 |  4.3
Staves         | 1 |  1.0

Action                   |  1- 3 |  4- 6 |  7- 9 || total
-------------------------+-------+-------+-------++-------
Melee: Hand axe          |    94 |   138 |       ||   232
       Headbutt          |    25 |    53 |    30 ||   108
       War axe           |       |    32 |    60 ||    92
       Mace              |       |    21 |    82 ||   103
       Quarterstaff      |       |       |    22 ||    22
Throw: Dart              |       |     7 |    15 ||    22
Evoke: Wand              |       |       |     4 ||     4
  Use: Scroll            |     1 |     2 |    12 ||    15
       Potion            |       |     2 |     8 ||    10
  Eat: Chunk             |     1 |     4 |     5 ||    10
       Ration            |       |     1 |     2 ||     3
Armor: Animal skin       |     9 |    14 |     8 ||    31
       Leather armour    |       |       |    12 ||    12
       Skin              |       |       |     6 ||     6
       Ring mail         |       |       |    33 ||    33
Dodge: Dodged            |    46 |    52 |   136 ||   234
